 Dungeon Crawl Stone Soup version 0.20-a0-472-g5c05303 (webtiles) character file.

74 Goblin1989 the Cudgeler (level 4, -6/35 HPs)
             Began as a Barachian Fighter on Jan 13, 2017.
             Killed from afar by an orc wizard (10 damage)
             ... with a puff of flame
             ... on level 4 of the Dungeon on Jan 14, 2017.
             The game lasted 00:04:14 (1682 turns).

Goblin1989 the Cudgeler (Barachian Fighter)         Turns: 1682, Time: 00:04:16

Health: -6/35      AC:  6    Str: 15    XL:     4   Next: 30%
Magic:  4/4        EV:  6    Int:  6    God:
Gold:   106        SH:  0    Dex: 10    Spells: 3/3 levels left

rFire  . . .     SeeInvis .     a - +0 flail
rCold  . . .     Gourm    .     b - +0 scale mail
rNeg   . . .     Faith    .     c - +0 shield
rPois  .         Spirit   .     (no helmet)
rElec  .         Reflect  .     (no cloak)
rCorr  .         Harm     .     (no gloves)
MR     .....                    (no boots)
Stlth  ..........               (no amulet)
                                (no ring)
                                (no ring)

@: confused, slow
A: swims, slowness 1, strong legs 1
a: Hop


You were on level 4 of the Dungeon.
You were hungry.

You visited 1 branch of the dungeon, and saw 4 of its levels.

You collected 106 gold pieces.

Inventory:

Hand Weapons
 a - a +0 flail (weapon)
Armour
 b - a +0 scale mail (worn)
 c - a +0 shield (worn)
Jewellery
 i - a +4 ring of strength {unknown}
Scrolls
 e - 3 scrolls of identify {unknown}
 h - a scroll of teleportation {unknown}
 k - a scroll of random uselessness {unknown}
 m - 2 scrolls of remove curse {unknown}
 o - a scroll of fear {unknown}
 q - a scroll of enchant weapon {unknown}
 r - a scroll of amnesia {unknown}
 s - a scroll of fog {unknown}
 u - a scroll of blinking {unknown}
Potions
 d - a potion of might
 g - 2 potions of flight {unknown}
 l - a potion of haste {unknown}
 n - 3 potions of curing {unknown}
 p - a potion of invisibility {unknown}
 t - a potion of cancellation {unknown}
Comestibles
 f - a bread ration {@e1}
 j - 7 fruits


   Skills:
 - Level 3.2 Fighting
 + Level 4.4 Maces & Flails
 - Level 3.2 Armour
 - Level 3.0 Shields


You had 3 spell levels left.
You didn't know any spells.

Dungeon Overview and Level Annotations

Branches:
Dungeon (4/15)
 Temple: D:4-7

Altars:
Kikubaaqudgha
Nemelex Xobeh
Trog
Xom

Annotations:
D:3 Kareekexe's ghost, amateur DrTm


Innate Abilities, Weirdness & Mutations

You can swim through water.
You cover ground slowly.
You can hop short distances.


Message History

You closely miss something.
You hear some strange, mumbled words.
You are confused.
You closely miss something. Something hits you.
* * * LOW HITPOINT WARNING * * *
You take 3 damage, and have 14/35 hp.
You closely miss something.
You hear some strange, mumbled words.
A puff of flame appears from out of thin air!
The puff of flame hits you!
* * * LOW HITPOINT WARNING * * *
You take 3 damage, and have 11/35 hp.
You hear some strange, mumbled words.
A puff of flame appears from out of thin air!
The puff of flame hits you!
* * * LOW HITPOINT WARNING * * *
You hear some strange, mumbled words.
A puff of flame appears from out of thin air!
The puff of flame hits you!
You die...

██ █..
█...
█....████
........█
█..█. █@█
█.... █.█
>.....█{█
....█.█.█
█.......█
████...<█
........█
████....█
██.█.█


There were no monsters in sight!

Vanquished Creatures
  2 adders
  A leopard gecko (D:3)
  3 orcs (D:3)
  3 goblins
  10 hobgoblins
  3 jackals (D:3)
  A ball python (D:3)
  4 bats
  A frilled lizard (D:3)
  10 kobolds
  9 rats
47 creatures vanquished.

Notes
Turn   | Place    | Note
-------+----------+-------------------------------------------
     0 | D:1      | Goblin1989 the Barachian Fighter began the quest for the Orb.
     0 | D:1      | Reached XP level 1. HP: 18/18 MP: 1/1
     0 | D:1      | Upgraded the game from 0.20-a0-470-gbb038bd to 0.20-a0-472-g5c05303
   186 | D:1      | Reached XP level 2. HP: 24/24 MP: 2/2
   317 | D:1      | Reached skill level 3 in Maces & Flails
   617 | D:2      | Found a shimmering altar of Xom.
   626 | D:2      | Found a sparkling altar of Nemelex Xobeh.
   660 | D:2      | Reached XP level 3. HP: 26/29 MP: 3/3
   679 | D:2      | Found an ancient bone altar of Kikubaaqudgha.
  1429 | D:2      | Found a bloodstained altar of Trog.
  1511 | D:3      | Reached skill level 4 in Maces & Flails
  1585 | D:3      | Reached XP level 4. HP: 16/35 MP: 4/4
  1646 | D:3      | Noticed Kareekexe's ghost (amateur DrTm)
  1682 | D:4      | Killed from afar by an orc wizard

Vault maps used:
D:1:      evilmike_arrival_plus
D:2:      amethyst_overflow_temple_binary, lemuel_doored_altar,
          lemuel_coloured_pillars_altar
D:3:      minmay_ruptured

Skill      XL: |  1  2  3 |
---------------+----------+-----
Maces & Flails | 3 4 |  4.4
Fighting       | |  3.2
Armour         | |  3.2
Shields        | |  3.0

Action                   |  1- 3 |  4- 6 || total
-------------------------+-------+-------++-------
Melee: Flail             |   156 |    44 ||   200
  Eat: Chunk             |     3 |       ||     3
Armor: Scale mail        |    73 |    13 ||    86
Dodge: Dodged            |    47 |    11 ||    58
Block: Shield            |    98 |    20 ||   118

Vault maps used:
D:1:      evilmike_arrival_plus
D:2:      amethyst_overflow_temple_binary, lemuel_doored_altar,
          lemuel_coloured_pillars_altar
D:3:      minmay_ruptured
